Map: 世界主宰-天梯版

Players

iGMacSed (MacSed) - Winner!

  • Race: Protoss Protoss
  • League: Grandmaster

TIME (Oliveira)

  • Race: Terran Terran
  • League: Grandmaster

Event: DreamHack SC2 Masters 2021 Fall

VOD

Have the link to the VOD?

Description

Time

  • Played on: Aug. 6, 2021, 7:37 a.m.
  • Length: 6:31

All games in this series

Show
View Real Time Build Order
Export as new Build Order

iGMacSed Protoss - Winner!

Build Orders: 1 Gate Expand, Blink Stalkers 

Get SALT Encoding   

  12  0:00  Probe  
  13  0:12  Probe  
  14  0:18  Pylon  
  14  0:24  Probe (Chrono Boost)  
  15  0:37  Gateway, Probe (Chrono Boost)  
  16  0:45  Probe (Chrono Boost)  
  16  0:46  Assimilator  
  17  0:51  Probe  
  18  1:03  Probe  
  19  1:15  Probe  
  20  1:25  Cybernetics Core  
  20  1:33  Nexus  
  20  1:40  Pylon  
  20  1:43  Probe  
  21  1:50  Assimilator  
  21  1:55  Probe  
  21  1:58  Adept (Chrono Boost)  
  24  2:02  Warp Gate  
  24  2:07  Probe  
  25  2:19  Probe (Chrono Boost)  
  26  2:23  Twilight Council  
  27  2:30  Stalker  
  27  2:31  Probe (Chrono Boost)  
  29  2:37  Probe (Chrono Boost)  
  30  2:45  Probe (Chrono Boost)  
  32  2:51  Gateway  
  32  2:52  Probe (Chrono Boost)  
  32  2:54  Probe (Chrono Boost)  
  34  2:58  Probe (Chrono Boost)  
  34  2:59  Blink (Chrono Boost)  
  34  3:08  Probe  
  34  3:12  Stalker  
  37  3:15  Probe  
  38  3:20  Probe  
  38  3:23  Pylon  
  39  3:29  Gateway  
  39  3:32  Probe  
  39  3:34  Probe  
  41  3:45  Gateway  
  41  3:48  Probe  
  42  3:50  Stalker  
  42  3:51  Stalker  
  42  3:54  Probe  
  47  3:59  Gateway  
  40  4:11  Probe  
  40  4:17  Stalker x2  
  42  4:27  Stalker  
  43  4:41  Stalker x3  
  43  4:42  Pylon  
  49  4:50  Stalker  
  51  5:00  Stalker  
  51  5:01  Stalker  
  51  5:06  Stalker  
  51  5:22  Stalker x2  
  51  5:23  Zealot  
  51  5:28  Probe  
  52  5:32  Probe  
  52  5:34  Stalker  
  53  5:40  Probe  
  46  6:00  Stalker x2  
  46  6:01  Zealot x2  
Show
View Real Time Build Order
Export as new Build Order

TIME Terran 

Build Orders:  

Get SALT Encoding   

  12  0:00  SCV  
  13  0:12  SCV  
  14  0:18  Supply Depot  
  14  0:24  SCV  
  15  0:39  SCV  
  15  0:42  Barracks  
  16  0:44  Refinery  
  16  0:51  SCV  
  17  1:03  SCV  
  18  1:15  SCV  
  19  1:29  Marine, Orbital Command  
  20  1:48  Command Center  
  20  1:54  Factory  
  20  1:58  SCV  
  21  2:03  Barracks Reactor  
  21  2:12  SCV  
  21  2:15  Supply Depot  
  22  2:19  Bunker  
  22  2:24  SCV  
  23  2:36  SCV  
  24  2:41  Starport  
  24  2:44  Hellion  
  24  2:45  Hellion  
  24  2:49  SCV  
  29  3:00  Orbital Command  
  29  3:03  SCV  
  30  3:09  Hellion  
  30  3:10  Hellion  
  34  3:16  SCV  
  34  3:17  Medivac  
  37  3:20  Refinery  
  37  3:26  SCV  
  38  3:27  Supply Depot  
  38  3:29  SCV  
  39  3:36  Marine x2  
  39  3:38  SCV  
  39  3:39  Factory Tech Lab  
  39  3:41  SCV  
  43  3:47  Barracks  
  43  3:51  SCV  
  43  3:53  SCV, Supply Depot  
  45  3:59  Siege Tank  
  48  4:03  Marine  
  48  4:05  Marine  
  48  4:15  SCV  
  45  4:17  SCV  
  45  4:19  Barracks  
  45  4:21  Marine  
  45  4:22  Marine  
  44  4:26  Engineering Bay  
  44  4:27  SCV  
  44  4:29  SCV  
  46  4:32  Refinery  
  46  4:34  Siege Tank  
  46  4:36  Barracks Tech Lab  
  49  4:38  Marine  
  49  4:40  Marine, SCV  
  49  4:41  SCV  
  53  4:53  Supply Depot, SCV  
  53  4:54  SCV  
  53  4:56  Marine  
  53  4:57  Marine  
  53  4:58  Marine  
  58  5:00  Refinery  
  58  5:05  SCV  
  59  5:08  Supply Depot  
  59  5:10  SCV  
  57  5:14  Marine  
  57  5:16  Marine x2  
  57  5:19  Marine  
  43  5:29  Siege Tank  
  43  5:32  Marine  
  43  5:34  Marine, SCV  
  47  5:36  Marine  
  47  5:40  Marine  
  49  5:50  Marine  
  49  5:53  Marine  
  49  5:55  SCV  
  41  5:57  Marine  
  41  6:00  Marine  

Tags
 
Add a new tag
Caveats
  • Supply blocks, unpowered buildings, or Contaminate may cause inaccurate times.
  • Supply counts are checked every 10 seconds.